 Dungeon Crawl Stone Soup version 0.21.0-24-g2553a33 (webtiles) character file.

4 Monsterracer the Sneak (level 1, 0/12 HPs)
             Began as a Deep Elf Assassin on Jan 21, 2018.
             Slain by a jackal (2 damage)
             ... on level 2 of the Dungeon.
             The game lasted 00:00:09 (47 turns).

Monsterracer the Sneak (Deep Elf Assassin)            Turns: 47, Time: 00:00:10

Health: 0/12       AC:  3    Str:  8    XL:     1   Next: 50%
Magic:  3/3        EV: 12    Int: 15    God:
Gold:   0          SH:  0    Dex: 16    Spells: 0/0 levels left

rFire    . . .     SeeInvis .   a - +2 dagger
rCold    . . .     Gourm    .   (no shield)
rNeg     . . .     Faith    .   g - +0 robe
rPois    .         Spirit   .   (no helmet)
rElec    .         Reflect  .   d - +0 cloak
rCorr    .         Harm     .   (no gloves)
MR       .....                  (no boots)
Stlth    +++.......             (no amulet)
HPRegen  0.04/turn              (no ring)
MPRegen  0.08/turn              (no ring)

@: no status effects
A: no striking features
a: no special abilities


You were on level 2 of the Dungeon.
You were not hungry.

You visited 1 branch of the dungeon, and saw 2 of its levels.

Inventory:

Hand Weapons
 a - a +2 dagger (weapon)
 b - a +0 blowgun
Missiles
 e - 8 poisoned needles
 f - 2 curare-tipped needles
Armour
 d - a +0 cloak (worn)
 g - a +0 robe (worn)
Comestibles
 c - a ration


   Skills:
 + Level 1.6 Fighting
 * Level 2.1 Short Blades
 - Level 2.0 Throwing
 + Level 1.3 Dodging
 + Level 4.9 Stealth


You couldn't memorise any spells.
You didn't know any spells.

Dungeon Overview and Level Annotations

Branches:
Dungeon (1/15)

Altars:


Message History

c - a ration;
g - a +0 robe (worn)
Welcome, Monsterracer the Deep Elf Assassin.
It is said that the Orb of Zot exists deep within this dungeon.
Press ? for a list of commands and other information.
Found a staircase leading out of the dungeon.
No target in view!
There is a dry fountain here.
You open the door.
There is an open door here.
You found a teleport trap! 2 jackals come into view.
There are monsters nearby!
There are monsters nearby!
The helpless jackal fails to defend itself.
You impale the jackal!!
You kill the jackal!
The helpless jackal fails to defend itself.
You impale the jackal!!
You kill the jackal!
You fall through a shaft!
The shaft crumbles and collapses.
A rat and 2 jackals come into view.
Found a cyan potion, 18 gold pieces and a scroll labeled VITRENA IVAST.
Found a stone staircase leading down.
Unknown command.
A jackal comes into view.
You see here a cyan potion.
The jackal barks! x2
You hit the jackal.
The jackal is heavily wounded.
The jackal bites you.
You take 1 damage, and have 11/12 hp.
You hit the jackal.
You kill the jackal!
The jackal barely misses you.
You hit the jackal.
The jackal is severely wounded.
You barely miss the jackal. The jackal misses you.
You hit the jackal.
The jackal is moderately wounded.
You barely miss the jackal.
The jackal is severely wounded.
The jackal bites you. The jackal barely misses you.
You take 3 damage, and have 8/12 hp.
MASSIVE DAMAGE!!
You are too injured to fight recklessly!
You closely miss the jackal.
The jackal is severely wounded.
The jackal bites you.
* * * LOW HITPOINT WARNING * * *
The jackal bites you.
* * * LOW HITPOINT WARNING * * *
You take 6 damage, and have 2/12 hp.
MASSIVE DAMAGE!!
You hit the jackal but do no damage.
The jackal is severely wounded.
The jackal closely misses you. x2; The jackal barely misses you.
The jackal bites you but does no damage.
You hit the jackal but do no damage.
The jackal is severely wounded.
The jackal bites you.
You die...

... .###
#.###.?.. ..
#.#...... ...
#......
#..###.#..
#......#
###.....#
........!###
####......@#
#...>.#hh$#
#########.....
#####


You could see 2 jackals.

Vanquished Creatures
  3 jackals
3 creatures vanquished.

Notes
Turn   | Place    | Note
-------+----------+-------------------------------------------
     0 | D:1      | Monsterracer the Deep Elf Assassin began the quest for the Orb.
     0 | D:1      | Reached XP level 1. HP: 12/12 MP: 3/3
    35 | D:1      | You fall through a shaft!
    45 | D:2      | HP: 5/12 [jackal (3)]
    45 | D:2      | HP: 2/12 [jackal (3)]
    47 | D:2      | Slain by a jackal

Action                   || total
-------------------------++-------
Melee: Dagger            ||    11
 Stab: Sleeping          ||     2
Armor: Robe              ||     1
Dodge: Dodged            ||     6

Vault maps used:
D:1:      evilmike_arrival_plus
D:2:      old_standard_altar, nemelex_xobeh_ov_fountains_minmay, uniq_sigmund
